 Dungeon Crawl Stone Soup version 0.30-a0-870-gc5d4c5acee (webtiles) character file.

Game seed: 3266849985432685019

27981 omnomnOMINOUS the Spear-Bearer (level 13, -10/81 HPs)
             Began as an Octopode Wanderer on Mar 1, 2023.
             Was a Believer of Hepliaklqana.
             Killed from afar by Fannar (12 damage)
             ... with a bolt of cold
             ... on level 1 of the Lair of Beasts on Mar 11, 2023.
             The game lasted 00:51:33 (15435 turns).

omnomnOMINOUS the Spear-Bearer (Octopode Wanderer) Turns: 15435, Time: 00:51:34

Health: -10/81     AC:  3    Str: 10    XL:     13   Next: 35%
Magic:  18/20      EV: 15    Int: 21    God:    Hepliaklqana [**....]
Gold:   642        SH:  6    Dex: 11    Spells: 1/22 levels left

rFire   + + .      SeeInvis +    a - +5 trident
rCold   + . .      Faith    .    g - +1 buckler
rNeg    . . .      Spirit   .    K - +2 hat {SInv}
rPois   +          Reflect  .    (no amulet)
rElec   +          Rampage  .    k - ring of see invisible
rCorr   +                        l - ring of wizardry
Will    .....                    m - ring of protection from fire
Stlth   ++                       (no ring)
HPRegen 0.33/turn                (no ring)
MPRegen 0.17/turn                (no ring)
                                 (no ring)
                                 (no ring)

@: brilliant, resistant
A: reduced essence, almost no armour, amphibious, 8 rings, camouflage 1,
gelatinous body 1, (nimble swimmer 1), tentacles
a: Renounce Religion, Recall Ancestor, Ancestor Identity


You were on level 1 of the Lair of Beasts.
You worshipped Hepliaklqana.
Hepliaklqana was pleased with you.
You visited 3 branches of the dungeon, and saw 12 of its levels.
You also visited: Sewer and Bailey.

You collected 642 gold pieces.

Inventory:

Hand Weapons
 a - a +5 trident (weapon)
 c - the +8 whip "Snakebite" {venom, curare, rPois}
   (You found it on level 1 of the Lair of Beasts)

   rPois:     It protects you from poison.
 d - a +2 glaive of pain
Missiles
 n - 26 poisoned darts (quivered)
 w - 5 atropa-tipped darts
Armour
 g - a +1 buckler (worn)
 K - a +2 hat of see invisible (worn)
Magical Staves
 b - a staff of earth
Jewellery
 k - a ring of see invisible (left tentacle)
 l - a ring of wizardry (right tentacle)
 m - a ring of protection from fire (on tentacle)
 v - an amulet of faith
 E - a ring of ice
Wands
 s - a wand of light (6)
 A - a wand of flame (29)
 I - a wand of paralysis (8)
 J - a wand of polymorph (11)
Scrolls
 i - 6 scrolls of immolation
 z - 3 scrolls of noise
 C - 4 scrolls of magic mapping
 M - 2 scrolls of fog
 N - 3 scrolls of vulnerability
Potions
 h - a potion of lignification
 j - a potion of berserk rage {unknown}
 o - 4 potions of attraction
 p - 2 potions of brilliance
 q - 2 potions of mutation
 r - 4 potions of cancellation
 t - 3 potions of magic
 x - 2 potions of invisibility {unknown}
 B - 2 potions of might
 D - a potion of resistance
 H - 3 potions of flight
 L - a potion of haste {unknown}


   Skills:
 + Level 8.9 Fighting
 * Level 11.6 Polearms
 + Level 8.8 Dodging
 - Level 5.0 Shields
 - Level 5.0 Spellcasting
 + Level 5.4 Conjurations
 - Level 5.0 Summonings
 - Level 3.0 Transmutations
 + Level 5.3 Ice Magic
 + Level 5.3 Air Magic
 - Level 6.0 Earth Magic


You had one spell level left.
You knew the following spells:

 Your Spells              Type           Power      Damage    Failure   Level
a - Call Canine Familiar  Summ           39%        N/A       2%          3
b - Passwall              Tmut/Erth      30%        N/A       1%          2
c - Stone Arrow           Conj/Erth      86%        3d12      1%          3
d - Summon Ice Beast      Ice/Summ       40%        N/A       6%          4
e - Freezing Cloud        Conj/Ice/Air   20%        6-21      16%         5
f - Apportation           Tloc           14%        N/A       6%          1
g - Swiftness             Air            41%        N/A       1%          3

Your spell library contained the following spells:

 Spells                   Type           Power      Damage    Failure   Level
 Freeze                   Ice            100%       1d10      1%          1
 Shock                    Conj/Air       100%       1d9       1%          1
 Summon Small Mammal      Summ           100%       N/A       1%          1
 Sting                    Tmut/Pois      68%        1d6       3%          1
 Necrotise                Necr           28%        1d5       6%          1
 Frozen Ramparts          Ice            82%        1d13      1%          3
 Hailstorm                Conj/Ice       41%        3d10      1%          3
 Ensorcelled Hibernation  Hex/Ice        48%        N/A       2%          2
 Summon Guardian Golem    Hex/Summ       23%        N/A       6%          3
 Airstrike                Air            20%        2d(3-19)  6%          4
 Lesser Beckoning         Tloc           14%        N/A       9%          2
 Kindle Blastsparks       Fire/Tloc/Air  38%        2d13      9%          3
 Ice Form                 Ice/Tmut       34%        N/A       10%         4
 Ignite Poison            Fire/Tmut/Pois 14%        N/A       11%         3
 Gell's Gravitas          Tloc           7%         N/A       16%         3
 Teleport Other           Tloc           7%         N/A       16%         3
 Orb of Destruction       Conj           21%        9d8       99%         7
 Spellforged Servitor     Conj/Summ      20%        N/A       99%         7
 Lehudib's Crystal Spear  Conj/Erth      21%        10d6      100%        8
 Animate Armour           Summ/Erth      Unusable   N/A       N/A         4

Dungeon Overview and Level Annotations

Branches:
Dungeon (10/15)            Temple (1/1) D:6            Lair (1/5) D:10
    Orc (0/2) D:9           Sewer (visited)          Bailey (visited)

Altars:
Ashenzari
Cheibriados
Dithmenos
Elyvilon
Fedhas
Gozag
Hepliaklqana
Kikubaaqudgha
Makhleb
Nemelex Xobeh
Okawaru
Qazlal
Ru
Sif Muna
Trog
Uskayaw
Vehumet
Wu Jian
Xom
Yredelemnul
Zin
The Shining One

Shops:
D:7 (

Annotations:
D:3 exclusion: ogre
D:4 3 runed translucent doors, Newt's ghost, amateur KoHu
Lair:1 Fannar


Innate Abilities, Weirdness & Mutations

Your life essence is reduced to manifest your ancestor. (-10% HP)
You cannot wear most types of armour.
You are amphibious.
You can wear up to eight rings at the same time.
Your skin changes colour to match your surroundings (Stealth+).
Your rubbery body absorbs attacks. (AC +1, EV +1)
((You are camouflaged when in or above water. (Stealth+)))
You have tentacles for arms and can constrict up to eight enemies at once.


Message History

Reach: a) +5 trident
Press: ? - help, Dir - move target, f/p - Fannar
Aim: Fannar, wielding a +0 quarterstaff of freezing, wearing a +2 robe of cold resistance and wearing a ring of ice (severely wounded, wandering, strong, blind, ally target, hasn't noticed you, about 44% to evade your +5 trident)
You reach to attack!
You catch the helpless Fannar completely off-guard!
You hit Fannar.
Fannar is almost dead.
Om hits Fannar with a +0 flail.
The ice beast hits you but does no damage.
You swap places.
Reach: a) +5 trident
Press: ? - help, Dir - move target, f - ice beast, p - Fannar
Aim: an ice beast (heavily wounded, summoned, about 30% to evade your +5 trident)
Okay, then.
Unknown command.
Fannar is no longer blind.
Fannar gestures wildly while chanting.
Fannar drains the heat from the surrounding environment!
You resist.
* * * LOW HITPOINT WARNING * * *
Om resists.
Your ice beast hits Fannar but does no damage.
Reach: a) +5 trident
Press: ? - help, Dir - move target, f/p - Fannar
Aim: Fannar, wielding a +0 quarterstaff of freezing, wearing a +2 robe of cold resistance and wearing a ring of ice (almost dead, strong, ally target, about 44% to evade your +5 trident)
You reach to attack!
You hit Fannar.
Fannar is almost dead.
Fannar gestures wildly while chanting.
Fannar drains the heat from the surrounding environment!
You resist.
* * * LOW HITPOINT WARNING * * *
Om resists.
Reach: a) +5 trident
Press: ? - help, Dir - move target, f/p - Fannar
Aim: Fannar, wielding a +0 quarterstaff of freezing, wearing a +2 robe of cold resistance and wearing a ring of ice (almost dead, strong, ally target, about 44% to evade your +5 trident)
You could not reach far enough!
Your ice beast misses Fannar.
The ice beast closely misses you. Fannar gestures at you while chanting.
The bolt of cold misses your ice beast. The bolt of cold hits you! You resist.
You die...

##..........## #...†.(.÷..
#...........######..P####..
####...........##.###..## #..
####.##....#.##...........#####..
...........#..............##P##..
...........#.....................
...........#..†..................
.[.........#...#.................
...........##..Y@Ye..............
.................R...............
........#'.#.#.##....########....
.......#.............# #.....
.....................## ##....
.......#........#.....# #....
..P.............#.....# #....
.#+P...#..#.#####....########....
.....................#.##.#.#....


You could see the friendly om the knight, Fannar (strong, ally target), an ice
beast (summoned) and a friendly ice beast (summoned).

Vanquished Creatures
  An orc high priest (Bailey)
  A deep elf pyromancer (D:10)
  A black mamba (Lair:1)
  An elephant (D:10)
  A cane toad (Lair:1)
  A rime drake (Lair:1)
  A hornet (D:8)
  A wraith (D:9)
  5 yaks
  3 wyverns
  A basilisk (D:10)
  6 water moccasins
  A nameless horror (D:8)
  A sky beast (D:7)
  15 orc warriors
  2 ice beasts
  3 black bears
  A phantom (D:7)
  4 centaurs
  2 kobold brigands
  4 bullfrogs
  5 scorpions
  8 wights
  3 killer bees (D:8)
  5 howler monkeys
  3 electric eels (Bailey)
  A crimson imp (D:7)
  2 jellies (D:6)
  A hound (D:6)
  A sleepcap (D:7)
  2 gnoll boudas
  5 orc priests
  5 iguanas
  6 orc wizards
  4 hell rats
  15 adders
  14 gnolls
  2 river rats (Sewer)
  2 white imps
  3 dart slugs
  38 orcs
  6 ball pythons
  13 endoplasms
  5 giant cockroaches
  13 goblins
  6 hobgoblins
  9 jackals
  15 kobolds
  5 quokkas
  7 bats
  2 frilled lizards (D:1)
  A hobgoblin zombie (D:7)
  A kobold skeleton (D:7)
  An orc skeleton (D:7)
  2 orc zombies (D:7)
  13 rats
280 creatures vanquished.

Vanquished Creatures (collateral kills)
  Maggie (D:9)
  2 komodo dragons (Lair:1)
  A kobold demonologist (Bailey)
  A rime drake (Lair:1)
  A troll (D:10)
  A hornet (D:7)
  A wyvern (D:9)
  3 yaks
  An acid dragon (D:8)
  3 water moccasins
  A sky beast (D:7)
  5 orc warriors
  A gnoll sergeant (D:10)
  A scorpion (D:5)
  A killer bee (D:8)
  An electric eel (Bailey)
  2 orc priests (D:10)
  3 hell rats (Lair:1)
  2 orc wizards
  6 gnolls
  11 orcs
  5 goblins (Bailey)
  A jackal (D:5)
  2 hobgoblin zombies (D:7)
57 creatures vanquished.

Vanquished Creatures (others)
  12 ancestors
  5 fungi
  2 plants (Lair:1)
19 creatures vanquished.

Grand Total: 356 creatures vanquished

Notes
Turn   | Place    | Note
-------+----------+-------------------------------------------
     0 | D:1      | omnomnOMINOUS the Octopode Wanderer began the quest for the
                  | Orb.
     0 | D:1      | omnomnOMINOUS set off with the following items: a +0
                  | dagger, a scroll of fog, a potion of lignification; and the
                  | following spells available to memorise: Summon Small
                  | Mammal, Sting, Call Canine Familiar, Ignite Poison, Summon
                  | Ice Beast.
     0 | D:1      | Reached XP level 1. HP: 13/13 MP: 2/2
   115 | D:1      | Reached XP level 2. HP: 14/18 MP: 3/3
   726 | D:2      | Reached XP level 3. HP: 23/23 MP: 5/5
   730 | D:2      | Learned a level 3 spell: Call Canine Familiar
   917 | D:2      | Reached skill level 1 in Shields
  1010 | D:2      | Reached XP level 4. HP: 21/28 MP: 6/6
  1479 | D:3      | Reached skill level 1 in Polearms
  1620 | D:3      | Noticed an ogre
  1647 | D:3      | Learned a level 2 spell: Passwall
  2142 | D:3      | Found a blossoming altar of Fedhas.
  2289 | D:3      | Found a basalt altar of Yredelemnul.
  2289 | D:3      | Found a hide-covered altar of Uskayaw.
  2290 | D:3      | Found a sacrificial altar of Ru.
  2563 | D:4      | Found an opulent altar of Gozag.
  2572 | D:3      | Reached XP level 5. HP: 22/34 MP: 7/7
  2706 | D:4      | Found a glowing drain.
  2820 | Sewer    | Entered a sewer
  2835 | Sewer    | Reached skill level 1 in Earth Magic
  2948 | Sewer    | Reached XP level 6. HP: 13/39 MP: 9/9
  3104 | D:4      | Found a runed translucent gate.
  3105 | D:4      | Found a runed translucent gate.
  3105 | D:4      | Found a runed translucent gate.
  3106 | D:4      | Found an opulent altar of Gozag.
  3108 | D:4      | Noticed Newt's ghost (amateur KoHu)
  3274 | D:4      | Reached skill level 2 in Polearms
  3808 | D:5      | Entered Level 5 of the Dungeon
  3813 | D:5      | Learned a level 3 spell: Stone Arrow
  3896 | D:5      | Reached XP level 7. HP: 34/45 MP: 10/10
  4278 | D:5      | Reached skill level 1 in Conjurations
  4278 | D:5      | Reached skill level 5 in Summonings
  4282 | D:5      | Reached skill level 3 in Polearms
  4881 | D:5      | Reached XP level 8. HP: 52/52 MP: 9/12
  5102 | D:6      | Upgraded the game from 0.30-a0-840-ga523dec638 to
                  | 0.30-a0-845-g7c6808c8ce
  5102 | D:6      | Upgraded the game from 0.30-a0-845-g7c6808c8ce to
                  | 0.30-a0-862-g1aabd4f9c5
  5237 | D:6      | Found a staircase to the Ecumenical Temple.
  5344 | Temple   | Entered the Ecumenical Temple
  5544 | Temple   | Became a worshipper of Hepliaklqana the Forgotten
  5594 | D:6      | Reached skill level 4 in Polearms
  6494 | D:7      | Reached XP level 9. HP: 40/58 MP: 7/14
  6509 | D:7      | Reached skill level 5 in Polearms
  6779 | D:7      | Noticed a hornet
  6910 | D:7      | Upgraded the game from 0.30-a0-862-g1aabd4f9c5 to
                  | 0.30-a0-870-gc5d4c5acee
  7008 | D:7      | Found Beun Qats's Antique Weapon Shop.
  7296 | D:7      | Paralysed by a hornet for 2 turns
  7299 | D:7      | Killed a hornet
  7716 | D:6      | Learned a level 4 spell: Summon Ice Beast
  7861 | D:7      | Found a glowing golden altar of the Shining One.
  8303 | D:7      | Reached skill level 6 in Polearms
  8455 | D:8      | Reached skill level 1 in Ice Magic
  8825 | D:8      | Noticed a hornet
  8915 | D:8      | Reached XP level 10. HP: 65/65 MP: 12/16
  8983 | D:8      | Reached * piety under Hepliaklqana
  9110 | D:8      | Paralysed by a hornet for 1 turns
  9122 | D:8      | Reached skill level 5 in Dodging
  9190 | D:8      | Reached skill level 5 in Shields
  9197 | D:8      | Reached skill level 5 in Fighting
  9662 | D:9      | Found a flagged portal.
  9686 | Bailey   | Entered a bailey
 10334 | Bailey   | Reached skill level 7 in Polearms
 10572 | Bailey   | Found an iron altar of Okawaru.
 10572 | Bailey   | Noticed a kobold demonologist
 10572 | Bailey   | Noticed an orc high priest
 10573 | Bailey   | Noticed a rust devil
 10596 | Bailey   | Reached skill level 5 in Earth Magic
 10783 | Bailey   | Killed a kobold demonologist
 10912 | Bailey   | Killed an orc high priest
 10913 | Bailey   | Reached skill level 5 in Spellcasting
 10913 | Bailey   | Reached skill level 5 in Conjurations
 11038 | D:9      | Learned a level 5 spell: Freezing Cloud
 11038 | D:9      | Acquired a +2 hat of see invisible
 11045 | D:9      | Reached skill level 10 in Polearms
 11045 | D:9      | Reached XP level 11. HP: 67/67 MP: 18/18
 11046 | D:9      | Reached XP level 12. HP: 73/73 MP: 19/19
 11177 | D:9      | Noticed Maggie
 11185 | D:9      | Killed Maggie
 11858 | D:9      | Found a staircase to the Orcish Mines.
 11892 | D:9      | Reached XP level 13. HP: 17/79 MP: 11/20
 12527 | D:10     | Entered Level 10 of the Dungeon
 12712 | D:10     | Found a staircase to the Lair.
 12742 | D:10     | Reached skill level 5 in Air Magic
 12749 | D:10     | Reached skill level 5 in Ice Magic
 12769 | D:10     | Reached skill level 11 in Polearms
 12998 | D:10     | Learned a level 1 spell: Apportation
 13002 | D:10     | Learned a level 3 spell: Swiftness
 13264 | D:10     | Identified the +1 leather armour "Haxapyc" {rN+ Int+2
                  | Dex+2}
 13841 | D:10     | Reached ** piety under Hepliaklqana
 13842 | D:10     | Remembered your ancestor om as a knight
 13951 | Lair:1   | Entered Level 1 of the Lair of Beasts
 14422 | Lair:1   | Found the +8 whip "Snakebite" {venom, curare, rPois}
 14519 | Lair:1   | Noticed Fannar
 15425 | Lair:1   | HP: 2/81 [ice beast[Fannar] (4)]
 15434 | Lair:1   | HP: 2/81 [Fannar/+0 quarterstaff of freezing (5)]
 15435 | Lair:1   | Killed from afar by Fannar

Illustrated notes

Levels and vault maps discovered:
D:1:      dpeg_arrival_rooms_b, layout_basic
D:2:      layout_rooms
D:3:      layout_basic, mainiacjoe_overflow_alcove_4,
          gammafunk_temple_overflow_forgotten
D:4:      layout_loops_cross, mainiacjoe_overflow_tiny_flanked,
          gup_sewer_entry_glass, ebering_ghost_gozag
D:5:      layout_basic
D:6:      layout_loops_ring, minmay_temple_entry_mini_moons
D:7:      layout_basic, nicolae_tso_besieged_by_evil, serial_shops, shop
D:8:      layout_loops_ring, minmay_crystal_room, kennysheep_generic_room_12
D:9:      layout_basic, david_orc_5, enter_bailey_5, uniq_maggie
D:10:     layout_long_grid, david_lair_generic, minmay_librarian
Temple:   nicolae_temple_slightly_damp_pantheon
Lair:1:   minmay_guarded_unrand_snakebite, layout_chaotic_city, uniq_fannar

Skill      XL: |  1  2  3  4  5  6  7  8  9 10 11 12 13 |
---------------+----------------------------------------+-----
Shields        | 1 2 3 4 5 |  5.0
Polearms       | 1 2 3 4 6 10 11 | 11.6
Dodging        | 2 3 4 7 8 |  8.8
Spellcasting   | 2 3 4 5 |  5.0
Fighting       | 2 3 4 7 8 |  8.9
Earth Magic    | 1 2 3 4 5 6 |  6.0
Conjurations   | 1 2 4 5 |  5.4
Summonings     | 5 |  5.0
Ice Magic      | 1 2 4 5 |  5.3
Air Magic      | 4 5 |  5.3
Transmutations | |  3.0

Action                     |  1- 3 |  4- 6 |  7- 9 | 10-12 | 13-15 || total
---------------------------+-------+-------+-------+-------+-------++-------
  Melee: Dagger            |    18 |       |       |       |       ||    18
         Constrict         |    12 |    33 |    44 |    25 |    19 ||   133
         Tentacles         |    11 |    25 |    36 |    27 |    21 ||   120
         Spear             |    57 |   175 |   198 |       |       ||   430
         Punch             |       |     3 |     3 |     2 |       ||     8
         Trident           |       |       |    27 |   252 |   183 ||   462
  Throw: Dart              |       |       |       |       |     1 ||     1
   Cast: Call Canine Famil |       |       |     8 |     5 |    15 ||    28
         Stone Arrow       |       |       |    54 |     5 |     6 ||    65
         Summon Ice Beast  |       |       |     3 |    16 |    18 ||    37
         Apportation       |       |       |       |       |     1 ||     1
         Freezing Cloud    |       |       |       |       |     1 ||     1
 Invoke: Ancestor Identity |       |       |       |     1 |       ||     1
         Recall Ancestor   |       |       |       |     1 |     2 ||     3
         Ancestor Life: Kn |       |       |       |       |     1 ||     1
  Evoke: Wand              |       |       |       |     4 |     5 ||     9
    Use: Potion            |       |     2 |     1 |     4 |     8 ||    15
         Scroll            |       |       |    11 |     5 |    12 ||    28
   Stab: Sleeping          |     9 |     7 |    12 |     3 |       ||    31
         Distracted        |       |       |     1 |     3 |     3 ||     7
         Invisible         |       |       |       |       |     2 ||     2
 Armour: Skin              |     4 |    13 |     5 |     1 |     9 ||    32
  Dodge: Dodged            |    21 |    56 |    96 |    59 |    71 ||   303
  Block: Buckler           |     6 |    27 |    28 |    25 |    19 ||   105

Table legend: (Time is in decaauts)
 A = Elapsed time spent in this place.
 B = Non-inter-level travel time spent in this place.
 C = Inter-level travel time spent in this place.
 D = Time resting spent in this place.
 E = Time spent auto-exploring this place.
 F = Levels seen in this place.
 G = Mean time per level.
                   A        B        C        D        E       F      G
               +--------+--------+--------+--------+--------+-----+--------+
         Total |  15378 |  14809 |    569 |   2948 |   8939 |  14 | 1098.4 |
       Dungeon |  12103 |  11685 |    418 |   2186 |   7327 |  10 | 1210.3 |
        Temple |    219 |    166 |     53 |      0 |    148 |   1 |  219.0 |
          Lair |   1461 |   1363 |     98 |    209 |    887 |   1 | 1461.0 |
         Sewer |    249 |    249 |      0 |      0 |    195 |   1 |  249.0 |
        Bailey |   1344 |   1344 |      0 |    553 |    382 |   1 | 1344.0 |
               +--------+--------+--------+--------+--------+-----+--------+

Top non-repeatable levels by time:
     D:7: 1704 daAuts
     D:9: 1573 daAuts
  Lair:1: 1461 daAuts
     D:6: 1395 daAuts
     D:3: 1357 daAuts
  Bailey: 1344 daAuts
    D:10: 1337 daAuts
     D:5: 1278 daAuts
     D:8: 1237 daAuts
     D:4: 949 daAuts
     D:1: 710 daAuts
     D:2: 560 daAuts
   Sewer: 249 daAuts
  Temple: 219 daAuts
